 Dungeon Crawl Stone Soup version 0.28.0-53-g5a82cb258f (webtiles) character file.

Game seed: 6676309422595018357

669 Peloso the Slasher (level 7, -3/61 HPs)
             Began as a Minotaur Fighter on Aug 14, 2022.
             Engulfed by a cloud of steam (5 damage)
             ... on level 5 of the Dungeon.
             The game lasted 00:08:44 (4006 turns).

Peloso the Slasher (Minotaur Fighter)               Turns: 4006, Time: 00:08:45

Health: -3/61      AC: 12    Str: 20    XL:     7   Next: 32%
Magic:  6/6        EV: 10    Int:  5    God:
Gold:   155        SH:  5    Dex: 12    Spells: 6/6 levels left

rFire   . . .      SeeInvis .   a - +1 long sword (flame)
rCold   . . .      Faith    .   c - +0 buckler
rNeg    . . .      Spirit   .   m - +0 plate armour
rPois   .          Reflect  .   (helmet restricted)
rElec   .          Harm     .   (no cloak)
rCorr   .          Rampage  .   (no gloves)
Will    .....                   (no boots)
Stlth   ..........              (no amulet)
HPRegen 0.20/turn               h - +4 ring of evasion
MPRegen 0.10/turn               i - ring of flight

@: flying
A: horns 2, retaliatory headbutt
a: no special abilities


You were on level 5 of the Dungeon.
You visited 1 branch of the dungeon, and saw 5 of its levels.
You also visited: Sewer.

You collected 155 gold pieces.

Inventory:

Hand Weapons
 a - a +1 long sword of flaming (weapon)
Missiles
 j - a throwing net (quivered)
Armour
 b - a +0 scale mail
 c - a +0 buckler (worn)
 m - a +0 plate armour (worn)
Jewellery
 h - a +4 ring of evasion (left hand)
 i - a ring of flight (right hand)
Scrolls
 f - a scroll of immolation
 g - 3 scrolls of identify
Potions
 d - 2 potions of might
 e - 4 potions of curing
 k - a potion of brilliance {unknown}
 l - a potion of invisibility {unknown}
 o - 2 potions of ambrosia {unknown}


   Skills:
 + Level 5.2 Fighting
 + Level 6.1 Long Blades
 + Level 6.1 Armour
 + Level 2.0 Dodging
 + Level 0.3 Stealth
 + Level 5.1 Shields


You had 6 spell levels left.
You didn't know any spells.
Your spell library contained the following spells:

 Spells                   Type           Power      Damage    Failure   Level
 Animate Skeleton         Necr           0%         N/A       100%        1
 Pain                     Necr           0%         1d4       100%        1
 Sublimation of Blood     Necr           0%         N/A       100%        2
 Wereblood                Tmut           0%         N/A       100%        2
 Ozocubu's Armour         Ice            0%         N/A       100%        3
 Vampiric Draining        Necr           0%         2d6       100%        3
 Ozocubu's Refrigeration  Ice            0%         4d5       100%        7
 Summon Hydra             Summ           0%         N/A       100%        7


Dungeon Overview and Level Annotations

Branches:
Dungeon (5/15)              Sewer (visited)
 Temple: D:4-7

Altars:
Ashenzari


Innate Abilities, Weirdness & Mutations

You have a pair of horns on your head.
You reflexively headbutt those who attack you in melee.


Message History

The steam dragon closely misses you. The steam dragon bites you.
The steam dragon claws you.
You hit the steam dragon. You burn the steam dragon.
You headbutt the steam dragon.
The steam dragon is almost dead.
The steam dragon breathes steam at you. The ball of steam hits you!
You completely miss the steam dragon.
The steam dragon is almost dead.
You are engulfed in a cloud of scalding steam.
The steam dragon barely misses you.
The steam dragon claws you but does no damage.
You hit the steam dragon but do no damage.
You headbutt the steam dragon, but do no damage.
The steam dragon is almost dead.
You are engulfed in a cloud of scalding steam.
* * * LOW HITPOINT WARNING * * *
The steam dragon bites you!
* * * LOW HITPOINT WARNING * * *
The steam dragon claws you but does no damage.
You hit the steam dragon but do no damage.
The steam dragon is almost dead.
The steam dragon bites you but does no damage.
The steam dragon claws you but does no damage.
You barely miss the steam dragon.
The steam dragon is almost dead.
The steam dragon breathes steam at you. The ball of steam hits you.
* * * LOW HITPOINT WARNING * * *
You hit the steam dragon but do no damage.
The steam dragon is almost dead.
You are engulfed in a cloud of scalding steam.
The steam dragon bites you but does no damage.
The steam dragon barely misses you.
Unknown command.
You slash the steam dragon! You burn the steam dragon.
You kill the steam dragon!
The steam dragon scales are intact enough to wear.
You are engulfed in a cloud of scalding steam.
You die...

#.# ... #.####
..... #... #.. #[#
#@# ###§######
#.§§§....#
#.#§####.# #
#.#.#.#<##.#.###..
....§.§...........
###.#.######.###..
..#.# .# ## #.# #


There were no monsters in sight!

Vanquished Creatures
  A steam dragon (D:5)
  Pargi (Sewer)
  A black bear (D:2)
  An ogre (D:4)
  A scorpion (D:4)
  A bullfrog zombie (D:3)
  Jessica (D:3)
  A hound skeleton (D:4)
  7 gnolls
  A howler monkey skeleton (D:4)
  7 adders
  2 ufetubi (D:4)
  An adder skeleton (D:4)
  7 worms
  2 dart slugs (D:1)
  5 orcs
  13 ball pythons
  4 bats
  4 endoplasms
  2 giant cockroaches
  4 goblins
  8 hobgoblins
  6 jackals
  9 kobolds
  6 frilled lizards
  4 rats
100 creatures vanquished.

Notes
Turn   | Place    | Note
-------+----------+-------------------------------------------
     0 | D:1      | Peloso the Minotaur Fighter began the quest for the Orb.
     0 | D:1      | Reached XP level 1. HP: 19/19 MP: 0/0
    44 | D:1      | Reached XP level 2. HP: 15/27 MP: 1/1
   572 | D:1      | Reached XP level 3. HP: 33/33 MP: 2/2
  1117 | D:2      | Found a faded altar of an unknown god.
  1168 | D:2      | Reached XP level 4. HP: 38/40 MP: 3/3
  1693 | D:2      | Reached skill level 1 in Dodging
  1878 | D:3      | Noticed a black bear
  1885 | D:2      | Killed a black bear
  1886 | D:2      | Reached skill level 5 in Armour
  1886 | D:2      | Reached XP level 5. HP: 30/47 MP: 4/4
  2406 | D:3      | Reached XP level 6. HP: 47/53 MP: 5/5
  2791 | D:3      | Noticed Jessica
  2808 | D:3      | Killed Jessica
  2960 | D:3      | Found a broken altar of Ashenzari.
  3075 | D:4      | Reached skill level 5 in Long Blades
  3191 | D:4      | Reached XP level 7. HP: 44/60 MP: 6/6
  3292 | D:4      | Found a glowing drain.
  3309 | Sewer    | Entered a sewer
  3467 | Sewer    | Noticed Pargi
  3482 | Sewer    | Killed Pargi
  3483 | Sewer    | Reached skill level 5 in Fighting
  3483 | Sewer    | Reached skill level 5 in Shields
  3897 | D:4      | Identified the +2 flail of Armageddon {antimagic, rN+ rCorr
                  | Int-4}
  3979 | D:5      | Entered Level 5 of the Dungeon
  3989 | D:5      | Noticed a steam dragon
  4002 | D:5      | HP: 2/61 [steam dragon (7)]
  4006 | D:5      | Killed a steam dragon
  4006 | D:5      | Engulfed by a cloud of steam

Illustrated notes

Levels and vault maps discovered:
D:1:      psy_arrival_statuary, layout_loops_ring
D:2:      layout_basic, nicolae_ecumenical_snake_handling,
          kennysheep_generic_room_3
D:3:      layout_rooms, mainiacjoe_overflow_chevrons, uniq_jessica
D:4:      layout_rooms, cheibrodos_sewer_entry_bend
D:5:      layout_basic, nemelex_xobeh_ov_fountains_minmay, serial_shops,
          nicolae_shop_bloodbath_and_beyond, minmay_door_square,
          uniq_prince_ribbit1, uniq_eustachio

Skill      XL: |  1  2  3  4  5  6  7 |
---------------+----------------------+-----
Armour         | 4 5 6 |  6.1
Shields        | 4 5 |  5.1
Fighting       | 4 5 |  5.2
Long Blades    | 3 4 5 6 |  6.1
Dodging        | 1 2 |  2.0
Stealth        | |  0.3

Action                   |  1- 3 |  4- 6 |  7- 9 || total
-------------------------+-------+-------+-------++-------
Melee: Long sword        |    72 |   138 |    74 ||   284
       Headbutt          |    11 |    21 |    11 ||    43
  Use: Scroll            |       |     2 |     6 ||     8
Armor: Scale mail        |    49 |    15 |       ||    64
       Plate armour      |       |    76 |    51 ||   127
Dodge: Dodged            |    47 |    47 |    35 ||   129
Block: Buckler           |    22 |    43 |    17 ||    82
